Workbook
Name CEPLAN: #REF!
Name CEPLAN: #REF!
Name CEPLAN: #REF!
Name diasuteis: #REF!
Name diasuteis: #REF!
Name diasuteis: #REF!
Name diasuteis: #REF!
Name diasuteis: #REF!
Name diasuteis: #REF!
Name Ferias: #REF!
Name Ferias: #REF!
Name Ferias: #REF!
Name Ferias: #REF!
Name Ferias: #REF!
Name Ferias: #REF!
Name RD: OFFSET(#REF!,(MATCH(SMALL(#REF!,ROW()-10),#REF!,0)-1),0)
Name RD: OFFSET(#REF!,(MATCH(SMALL(#REF!,ROW()-10),#REF!,0)-1),0)
Name RD: OFFSET(#REF!,(MATCH(SMALL(#REF!,ROW()-10),#REF!,0)-1),0)
Name RD: OFFSET(#REF!,(MATCH(SMALL(#REF!,ROW()-10),#REF!,0)-1),0)
Name RD: OFFSET(#REF!,(MATCH(SMALL(#REF!,ROW()-10),#REF!,0)-1),0)
Name RD: OFFSET(#REF!,(MATCH(SMALL(#REF!,ROW()-10),#REF!,0)-1),0)

Sheet REITORIA
A1: PROCESSO: 1137/2015/UDESC | D1: OBJETO: AQUISIÇÃO DE MATERIAL DE HIGIENE E LIMPEZA PARA A UDESC | I1: VIGÊNCIA DA ATA: 15/10/2015 até 14/10/2016 | L1: AF nº 2002/2015 Qtde. DT | M1: AF nº 2004/2015 Qtde. DT | N1: AF/OS nº xxxx/2015 Qtde. DT | O1: AF/OS nº xxxx/2015 Qtde. DT | P1: AF/OS nº xxxx/2015 Qtde. DT | Q1: AF/OS nº xxxx/2015 Qtde. DT | R1: AF/OS nº xxxx/2015 Qtde. DT | S1: AF/OS nº xxxx/2015 Qtde. DT | T1: AF/OS nº xxxx/2015 Qtde. DT | U1: AF/OS nº xxxx/2015 Qtde. DT | V1: AF/OS nº xxxx/2015 Qtde. DT | W1: AF/OS nº xxxx/2015 Qtde. DT
A2: CENTRO PARTICIPANTE: REITORIA
A3: FORNECEDOR | B3: LOTE | C3: ITEM | D3: PRODUTO - CARACTERÍSTICAS MÍNIMAS | E3: UNIDADE | F3: MARCA | G3: DETALHAMENTO | H3: Preço UNITÁRIO (R$) | I3: Qtde Registrada | J3: Saldo / Automático | K3: ALERTA | L3: 42299 | M3: 42299 | N3: ...../...../...... | O3: ...../...../...... | P3: ...../...../...... | Q3: ...../...../...... | R3: ...../...../...... | S3: ...../...../...... | T3: ...../...../...... | U3: ...../...../...... | V3: ...../...../...... | W3: ...../...../......
A4: BMI Prosper Eireli | B4: 1 | C4: 1 | D4: Papel higiênico, folha simples, de qualidade, na cor branca, 100% celulose virgem, fibras naturais, sem pigmentação aparente, gramatura mínima de 16g/m2, neutro, macio, com alto poder de absorção, com distribuição homogênea das fibras ao longo do papel, sem rebarbas no corte lateral; rolo com 500 metros X 10cm de largura, embalado em caixa de papelão resistente com 08 rolos. | E4: Rolo | F4: NC Papéis | G4: 33.90.30.22 | H4: 5.44 | I4: 1800 | J4: =I4-(SUM(L4:W4)) -> 1480 | K4: =IF(J4<0,"ATENÇÃO","OK") -> OK | L4: 0 | M4: 320 | N4: 0 | O4: 0 | P4: 0 | Q4: 0 | R4: 0 | S4: 0 | T4: 0 | U4: 0 | V4: 0 | W4: 0
A5: Goedert Imports Ltda EPP | B5: 2 | C5: 2 | D5: Saco para lixo doméstico, de polietileno, capacidade 100 litros, medindo 75 cm x 105 cm, (variação de ± 1cm), com no mínimo 0,10 mm de espessura, de qualquer cor, exceto branco; embalados em pacotes com 5 unidades e acondicionados em fardo resistente com 20 pacotes, conforme normas da ABNT 9191:2008. O material não pode expelir odor desagradável. Trazer a embalagem lacrada de fábrica. | E5: Pacote | F5: Nobre | G5: 33.90.30.22 | H5: 2.3 | I5: 3000 | J5: =I5-(SUM(L5:W5)) -> 2600 | K5: =IF(J5<0,"ATENÇÃO","OK") -> OK | L5: 400 | M5: 0 | N5: 0 | O5: 0 | P5: 0 | Q5: 0 | R5: 0 | S5: 0 | T5: 0 | U5: 0 | V5: 0 | W5: 0
A6: Goedert Imports Ltda EPP | B6: 3 | C6: 3 | D6: Saco para lixo doméstico, de polietileno, capacidade 30 litros, medindo aproximadamente 59 cm x 62 cm, com no mínimo 0,07 mm de espessura, de qualquer cor, exceto branco; embalados em pacotes com 10 unidades e acondicionados em fardo resistente com 10 pacotes, conforme normas da ABNT. O material não pode expelir odor desagradável. Trazer a embalagem lacrada de fábrica. | E6: Pacote | F6: Nobre | G6: 33.90.30.22 | H6: 1.6 | I6: 2000 | J6: =I6-(SUM(L6:W6)) -> 2000 | K6: =IF(J6<0,"ATENÇÃO","OK") -> OK | L6: 0 | M6: 0 | N6: 0 | O6: 0 | P6: 0 | Q6: 0 | R6: 0 | S6: 0 | T6: 0 | U6: 0 | V6: 0 | W6: 0
C7: 4 | D7: Saco para lixo doméstico, de polietileno, capacidade 50 litros, medindo aproximadamente 63 cm x 80 cm, com no mínimo 0,08 mm de espessura, de qualquer cor, exceto branco; embalados em pacotes com 10 unidades e acondicionados em fardo resistente com 10 pacotes, conforme normas da ABNT. O material não pode expelir odor desagradável.Trazer a embalagem lacrada de fábrica. | E7: Pacote | F7: Nobre | G7: 33.90.30.22 | H7: 1.75 | I7: 2000 | J7: =I7-(SUM(L7:W7)) -> 1750 | K7: =IF(J7<0,"ATENÇÃO","OK") -> OK | L7: 250 | M7: 0 | N7: 0 | O7: 0 | P7: 0 | Q7: 0 | R7: 0 | S7: 0 | T7: 0 | U7: 0 | V7: 0 | W7: 0
C8: 5 | D8: Saco para lixo doméstico, de polietileno, capacidade 15 litros, medindo 39 cm x 58 cm, (variação de ± 1cm), com no mínimo 0,07 mm de espessura, de qualquer cor, exceto branco; embalados em pacotes com 20 unidades e acondicionados em fardo resistente com 5 pacotes, conforme normas da ABNT 9191:2008. O material não pode expelir odor desagradável. Trazer a embalagem lacrada de fábrica. | E8: Pacote | F8: Nobre | G8: 33.90.30.22 | H8: 1.9 | I8: 500 | J8: =I8-(SUM(L8:W8)) -> 300 | K8: =IF(J8<0,"ATENÇÃO","OK") -> OK | L8: 200 | M8: 0 | N8: 0 | O8: 0 | P8: 0 | Q8: 0 | R8: 0 | S8: 0 | T8: 0 | U8: 0 | V8: 0 | W8: 0
D10: Prazos de entrega e pagamento conforme Termo de Referência

Sheet ESAG
A1: PROCESSO: 1137/2015/UDESC | D1: OBJETO: AQUISIÇÃO DE MATERIAL DE HIGIENE E LIMPEZA PARA A UDESC | I1: VIGÊNCIA DA ATA: 15/10/2015 até 14/10/2016 | L1: AF/OS nº 139/2016 Qtde. DT | M1: AF/OS nº xxxx/2015 Qtde. DT | N1: AF/OS nº xxxx/2015 Qtde. DT | O1: AF/OS nº xxxx/2015 Qtde. DT | P1: AF/OS nº xxxx/2015 Qtde. DT | Q1: AF/OS nº xxxx/2015 Qtde. DT | R1: AF/OS nº xxxx/2015 Qtde. DT | S1: AF/OS nº xxxx/2015 Qtde. DT | T1: AF/OS nº xxxx/2015 Qtde. DT | U1: AF/OS nº xxxx/2015 Qtde. DT | V1: AF/OS nº xxxx/2015 Qtde. DT | W1: AF/OS nº xxxx/2015 Qtde. DT
A2: CENTRO PARTICIPANTE: ESAG
A3: FORNECEDOR | B3: LOTE | C3: ITEM | D3: PRODUTO - CARACTERÍSTICAS MÍNIMAS | E3: UNIDADE | F3: MARCA | G3: DETALHAMENTO | H3: Preço UNITÁRIO (R$) | I3: Qtde Registrada | J3: Saldo / Automático | K3: ALERTA | L3: ...../...../...... | M3: ...../...../...... | N3: ...../...../...... | O3: ...../...../...... | P3: ...../...../...... | Q3: ...../...../...... | R3: ...../...../...... | S3: ...../...../...... | T3: ...../...../...... | U3: ...../...../...... | V3: ...../...../...... | W3: ...../...../......
A4: BMI Prosper Eireli | B4: 1 | C4: 1 | D4: Papel higiênico, folha simples, de qualidade, na cor branca, 100% celulose virgem, fibras naturais, sem pigmentação aparente, gramatura mínima de 16g/m2, neutro, macio, com alto poder de absorção, com distribuição homogênea das fibras ao longo do papel, sem rebarbas no corte lateral; rolo com 500 metros X 10cm de largura, embalado em caixa de papelão resistente com 08 rolos. | E4: Rolo | F4: NC Papéis | G4: 33.90.30.22 | H4: 5.44 | I4: 4160 | J4: =I4-(SUM(L4:W4)) -> 3520 | K4: =IF(J4<0,"ATENÇÃO","OK") -> OK | L4: 640 | M4: 0 | N4: 0 | O4: 0 | P4: 0 | Q4: 0 | R4: 0 | S4: 0 | T4: 0 | U4: 0 | V4: 0 | W4: 0
A5: Goedert Imports Ltda EPP | B5: 2 | C5: 2 | D5: Saco para lixo doméstico, de polietileno, capacidade 100 litros, medindo 75 cm x 105 cm, (variação de ± 1cm), com no mínimo 0,10 mm de espessura, de qualquer cor, exceto branco; embalados em pacotes com 5 unidades e acondicionados em fardo resistente com 20 pacotes, conforme normas da ABNT 9191:2008. O material não pode expelir odor desagradável. Trazer a embalagem lacrada de fábrica. | E5: Pacote | F5: Nobre | G5: 33.90.30.22 | H5: 2.3 | I5: 3120 | J5: =I5-(SUM(L5:W5)) -> 3120 | K5: =IF(J5<0,"ATENÇÃO","OK") -> OK | M5: 0 | N5: 0 | O5: 0 | P5: 0 | Q5: 0 | R5: 0 | S5: 0 | T5: 0 | U5: 0 | V5: 0 | W5: 0
A6: Goedert Imports Ltda EPP | B6: 3 | C6: 3 | D6: Saco para lixo doméstico, de polietileno, capacidade 30 litros, medindo aproximadamente 59 cm x 62 cm, com no mínimo 0,07 mm de espessura, de qualquer cor, exceto branco; embalados em pacotes com 10 unidades e acondicionados em fardo resistente com 10 pacotes, conforme normas da ABNT. O material não pode expelir odor desagradável. Trazer a embalagem lacrada de fábrica. | E6: Pacote | F6: Nobre | G6: 33.90.30.22 | H6: 1.6 | I6: 1560 | J6: =I6-(SUM(L6:W6)) -> 1560 | K6: =IF(J6<0,"ATENÇÃO","OK") -> OK | M6: 0 | N6: 0 | O6: 0 | P6: 0 | Q6: 0 | R6: 0 | S6: 0 | T6: 0 | U6: 0 | V6: 0 | W6: 0
C7: 4 | D7: Saco para lixo doméstico, de polietileno, capacidade 50 litros, medindo aproximadamente 63 cm x 80 cm, com no mínimo 0,08 mm de espessura, de qualquer cor, exceto branco; embalados em pacotes com 10 unidades e acondicionados em fardo resistente com 10 pacotes, conforme normas da ABNT. O material não pode expelir odor desagradável.Trazer a embalagem lacrada de fábrica. | E7: Pacote | F7: Nobre | G7: 33.90.30.22 | H7: 1.75 | I7: 1560 | J7: =I7-(SUM(L7:W7)) -> 1560 | K7: =IF(J7<0,"ATENÇÃO","OK") -> OK | M7: 0 | N7: 0 | O7: 0 | P7: 0 | Q7: 0 | R7: 0 | S7: 0 | T7: 0 | U7: 0 | V7: 0 | W7: 0
C8: 5 | D8: Saco para lixo doméstico, de polietileno, capacidade 15 litros, medindo 39 cm x 58 cm, (variação de ± 1cm), com no mínimo 0,07 mm de espessura, de qualquer cor, exceto branco; embalados em pacotes com 20 unidades e acondicionados em fardo resistente com 5 pacotes, conforme normas da ABNT 9191:2008. O material não pode expelir odor desagradável. Trazer a embalagem lacrada de fábrica. | E8: Pacote | F8: Nobre | G8: 33.90.30.22 | H8: 1.9 | I8: 780 | J8: =I8-(SUM(L8:W8)) -> 780 | K8: =IF(J8<0,"ATENÇÃO","OK") -> OK | M8: 0 | N8: 0 | O8: 0 | P8: 0 | Q8: 0 | R8: 0 | S8: 0 | T8: 0 | U8: 0 | V8: 0 | W8: 0
D10: Prazos de entrega e pagamento conforme Termo de Referência

Sheet CEART
A1: PROCESSO: 1137/2015/UDESC | D1: OBJETO: AQUISIÇÃO DE MATERIAL DE HIGIENE E LIMPEZA PARA A UDESC | I1: VIGÊNCIA DA ATA: 15/10/2015 até 14/10/2016 | L1: AF 2065/2015 // NÃO FOI ENTREGUE | M1: AF 2145/2015 | N1: AF 0014/2016 | O1: AF 250/2016 | P1: AF 251/2016 | Q1: AF/OS nº xxxx/2015 Qtde. DT | R1: AF/OS nº xxxx/2015 Qtde. DT | S1: AF/OS nº xxxx/2015 Qtde. DT | T1: AF/OS nº xxxx/2015 Qtde. DT | U1: AF/OS nº xxxx/2015 Qtde. DT | V1: AF/OS nº xxxx/2015 Qtde. DT | W1: AF/OS nº xxxx/2015 Qtde. DT
A2: CENTRO PARTICIPANTE: CEART
A3: FORNECEDOR | B3: LOTE | C3: ITEM | D3: PRODUTO - CARACTERÍSTICAS MÍNIMAS | E3: UNIDADE | F3: MARCA | G3: DETALHAMENTO | H3: Preço UNITÁRIO (R$) | I3: Qtde Registrada | J3: Saldo / Automático | K3: ALERTA | L3: 42306 | M3: 42318 | N3: 42382 | O3: 42444 | P3: 42444 | Q3: ...../...../...... | R3: ...../...../...... | S3: ...../...../...... | T3: ...../...../...... | U3: ...../...../...... | V3: ...../...../...... | W3: ...../...../......
A4: BMI Prosper Eireli | B4: 1 | C4: 1 | D4: Papel higiênico, folha simples, de qualidade, na cor branca, 100% celulose virgem, fibras naturais, sem pigmentação aparente, gramatura mínima de 16g/m2, neutro, macio, com alto poder de absorção, com distribuição homogênea das fibras ao longo do papel, sem rebarbas no corte lateral; rolo com 500 metros X 10cm de largura, embalado em caixa de papelão resistente com 08 rolos. | E4: Rolo | F4: NC Papéis | G4: 33.90.30.22 | H4: 5.44 | I4: 5000 | J4: =I4-(SUM(L4:W4)) -> 3800 | K4: =IF(J4<0,"ATENÇÃO","OK") -> OK | M4: 0 | N4: 400 | P4: 800 | Q4: 0 | R4: 0 | S4: 0 | T4: 0 | U4: 0 | V4: 0 | W4: 0
A5: Goedert Imports Ltda EPP | B5: 2 | C5: 2 | D5: Saco para lixo doméstico, de polietileno, capacidade 100 litros, medindo 75 cm x 105 cm, (variação de ± 1cm), com no mínimo 0,10 mm de espessura, de qualquer cor, exceto branco; embalados em pacotes com 5 unidades e acondicionados em fardo resistente com 20 pacotes, conforme normas da ABNT 9191:2008. O material não pode expelir odor desagradável. Trazer a embalagem lacrada de fábrica. | E5: Pacote | F5: Nobre | G5: 33.90.30.22 | H5: 2.3 | I5: 3000 | J5: =I5-(SUM(L5:W5)) -> 2360 | K5: =IF(J5<0,"ATENÇÃO","OK") -> OK | L5: 0 | M5: 140 | N5: 0 | O5: 500 | P5: 0 | Q5: 0 | R5: 0 | S5: 0 | T5: 0 | U5: 0 | V5: 0 | W5: 0
A6: Goedert Imports Ltda EPP | B6: 3 | C6: 3 | D6: Saco para lixo doméstico, de polietileno, capacidade 30 litros, medindo aproximadamente 59 cm x 62 cm, com no mínimo 0,07 mm de espessura, de qualquer cor, exceto branco; embalados em pacotes com 10 unidades e acondicionados em fardo resistente com 10 pacotes, conforme normas da ABNT. O material não pode expelir odor desagradável. Trazer a embalagem lacrada de fábrica. | E6: Pacote | F6: Nobre | G6: 33.90.30.22 | H6: 1.6 | I6: 1000 | J6: =I6-(SUM(L6:W6)) -> 220 | K6: =IF(J6<0,"ATENÇÃO","OK") -> OK | L6: =1.6*300 -> 480 | M6: 0 | N6: 0 | O6: 300 | P6: 0 | Q6: 0 | R6: 0 | S6: 0 | T6: 0 | U6: 0 | V6: 0 | W6: 0
C7: 4 | D7: Saco para lixo doméstico, de polietileno, capacidade 50 litros, medindo aproximadamente 63 cm x 80 cm, com no mínimo 0,08 mm de espessura, de qualquer cor, exceto branco; embalados em pacotes com 10 unidades e acondicionados em fardo resistente com 10 pacotes, conforme normas da ABNT. O material não pode expelir odor desagradável.Trazer a embalagem lacrada de fábrica. | E7: Pacote | F7: Nobre | G7: 33.90.30.22 | H7: 1.75 | I7: 2000 | J7: =I7-(SUM(L7:W7)) -> 1700 | K7: =IF(J7<0,"ATENÇÃO","OK") -> OK | L7: 0 | M7: 150 | N7: 0 | O7: 150 | P7: 0 | Q7: 0 | R7: 0 | S7: 0 | T7: 0 | U7: 0 | V7: 0 | W7: 0
C8: 5 | D8: Saco para lixo doméstico, de polietileno, capacidade 15 litros, medindo 39 cm x 58 cm, (variação de ± 1cm), com no mínimo 0,07 mm de espessura, de qualquer cor, exceto branco; embalados em pacotes com 20 unidades e acondicionados em fardo resistente com 5 pacotes, conforme normas da ABNT 9191:2008. O material não pode expelir odor desagradável. Trazer a embalagem lacrada de fábrica. | E8: Pacote | F8: Nobre | G8: 33.90.30.22 | H8: 1.9 | I8: 1000 | J8: =I8-(SUM(L8:W8)) -> 1000 | K8: =IF(J8<0,"ATENÇÃO","OK") -> OK | L8: 0 | M8: 0 | N8: 0 | O8: 0 | P8: 0 | Q8: 0 | R8: 0 | S8: 0 | T8: 0 | U8: 0 | V8: 0 | W8: 0
D10: Prazos de entrega e pagamento conforme Termo de Referência

Sheet CEFID
A1: PROCESSO: 1137/2015/UDESC | D1: OBJETO: AQUISIÇÃO DE MATERIAL DE HIGIENE E LIMPEZA PARA A UDESC | I1: VIGÊNCIA DA ATA: 15/10/2015 até 14/10/2016 | L1: AF/OS nº 2232/2015 Qtde. DT | M1: AF/OS nº 315/2016 Qtde. DT | N1: AF/OS nº xxxx/2015 Qtde. DT | O1: AF/OS nº xxxx/2015 Qtde. DT | P1: AF/OS nº xxxx/2015 Qtde. DT | Q1: AF/OS nº xxxx/2015 Qtde. DT | R1: AF/OS nº xxxx/2015 Qtde. DT | S1: AF/OS nº xxxx/2015 Qtde. DT | T1: AF/OS nº xxxx/2015 Qtde. DT | U1: AF/OS nº xxxx/2015 Qtde. DT | V1: AF/OS nº xxxx/2015 Qtde. DT | W1: AF/OS nº xxxx/2015 Qtde. DT
A2: CENTRO PARTICIPANTE: CEFID
A3: FORNECEDOR | B3: LOTE | C3: ITEM | D3: PRODUTO - CARACTERÍSTICAS MÍNIMAS | E3: UNIDADE | F3: MARCA | G3: DETALHAMENTO | H3: Preço UNITÁRIO (R$) | I3: Qtde Registrada | J3: Saldo / Automático | K3: ALERTA | L3: 42338 | M3: 42459 | N3: ...../...../...... | O3: ...../...../...... | P3: ...../...../...... | Q3: ...../...../...... | R3: ...../...../...... | S3: ...../...../...... | T3: ...../...../...... | U3: ...../...../...... | V3: ...../...../...... | W3: ...../...../......
A4: BMI Prosper Eireli | B4: 1 | C4: 1 | D4: Papel higiênico, folha simples, de qualidade, na cor branca, 100% celulose virgem, fibras naturais, sem pigmentação aparente, gramatura mínima de 16g/m2, neutro, macio, com alto poder de absorção, com distribuição homogênea das fibras ao longo do papel, sem rebarbas no corte lateral; rolo com 500 metros X 10cm de largura, embalado em caixa de papelão resistente com 08 rolos. | E4: Rolo | F4: NC Papéis | G4: 33.90.30.22 | H4: 5.44 | I4: 2400 | J4: =I4-(SUM(L4:W4)) -> 1523 | K4: =IF(J4<0,"ATENÇÃO","OK") -> OK | L4: 877 | M4: 0 | N4: 0 | O4: 0 | P4: 0 | Q4: 0 | R4: 0 | S4: 0 | T4: 0 | U4: 0 | V4: 0 | W4: 0
A5: Goedert Imports Ltda EPP | B5: 2 | C5: 2 | D5: Saco para lixo doméstico, de polietileno, capacidade 100 litros, medindo 75 cm x 105 cm, (variação de ± 1cm), com no mínimo 0,10 mm de espessura, de qualquer cor, exceto branco; embalados em pacotes com 5 unidades e acondicionados em fardo resistente com 20 pacotes, conforme normas da ABNT 9191:2008. O material não pode expelir odor desagradável. Trazer a embalagem lacrada de fábrica. | E5: Pacote | F5: Nobre | G5: 33.90.30.22 | H5: 2.3 | I5: 3000 | J5: =I5-(SUM(L5:W5)) -> 2400 | K5: =IF(J5<0,"ATENÇÃO","OK") -> OK | L5: 0 | M5: 600 | N5: 0 | O5: 0 | P5: 0 | Q5: 0 | R5: 0 | S5: 0 | T5: 0 | U5: 0 | V5: 0 | W5: 0
A6: Goedert Imports Ltda EPP | B6: 3 | C6: 3 | D6: Saco para lixo doméstico, de polietileno, capacidade 30 litros, medindo aproximadamente 59 cm x 62 cm, com no mínimo 0,07 mm de espessura, de qualquer cor, exceto branco; embalados em pacotes com 10 unidades e acondicionados em fardo resistente com 10 pacotes, conforme normas da ABNT. O material não pode expelir odor desagradável. Trazer a embalagem lacrada de fábrica. | E6: Pacote | F6: Nobre | G6: 33.90.30.22 | H6: 1.6 | I6: 2000 | J6: =I6-(SUM(L6:W6)) -> 2000 | K6: =IF(J6<0,"ATENÇÃO","OK") -> OK | L6: 0 | M6: 0 | N6: 0 | O6: 0 | P6: 0 | Q6: 0 | R6: 0 | S6: 0 | T6: 0 | U6: 0 | V6: 0 | W6: 0
C7: 4 | D7: Saco para lixo doméstico, de polietileno, capacidade 50 litros, medindo aproximadamente 63 cm x 80 cm, com no mínimo 0,08 mm de espessura, de qualquer cor, exceto branco; embalados em pacotes com 10 unidades e acondicionados em fardo resistente com 10 pacotes, conforme normas da ABNT. O material não pode expelir odor desagradável.Trazer a embalagem lacrada de fábrica. | E7: Pacote | F7: Nobre | G7: 33.90.30.22 | H7: 1.75 | I7: 2000 | J7: =I7-(SUM(L7:W7)) -> 2000 | K7: =IF(J7<0,"ATENÇÃO","OK") -> OK | L7: 0 | M7: 0 | N7: 0 | O7: 0 | P7: 0 | Q7: 0 | R7: 0 | S7: 0 | T7: 0 | U7: 0 | V7: 0 | W7: 0
C8: 5 | D8: Saco para lixo doméstico, de polietileno, capacidade 15 litros, medindo 39 cm x 58 cm, (variação de ± 1cm), com no mínimo 0,07 mm de espessura, de qualquer cor, exceto branco; embalados em pacotes com 20 unidades e acondicionados em fardo resistente com 5 pacotes, conforme normas da ABNT 9191:2008. O material não pode expelir odor desagradável. Trazer a embalagem lacrada de fábrica. | E8: Pacote | F8: Nobre | G8: 33.90.30.22 | H8: 1.9 | I8: 1500 | J8: =I8-(SUM(L8:W8)) -> 1500 | K8: =IF(J8<0,"ATENÇÃO","OK") -> OK | L8: 0 | M8: 0 | N8: 0 | O8: 0 | P8: 0 | Q8: 0 | R8: 0 | S8: 0 | T8: 0 | U8: 0 | V8: 0 | W8: 0
D10: Prazos de entrega e pagamento conforme Termo de Referência

Sheet FAED
A1: PROCESSO: 1137/2015/UDESC | D1: OBJETO: AQUISIÇÃO DE MATERIAL DE HIGIENE E LIMPEZA PARA A UDESC | I1: VIGÊNCIA DA ATA: 15/10/2015 até 14/10/2016 | L1: AF/OS nº 259/2016 Qtde. DT | M1: AF/OS nº xxxx/2015 Qtde. DT | N1: AF/OS nº xxxx/2015 Qtde. DT | O1: AF/OS nº xxxx/2015 Qtde. DT | P1: AF/OS nº xxxx/2015 Qtde. DT | Q1: AF/OS nº xxxx/2015 Qtde. DT | R1: AF/OS nº xxxx/2015 Qtde. DT | S1: AF/OS nº xxxx/2015 Qtde. DT | T1: AF/OS nº xxxx/2015 Qtde. DT | U1: AF/OS nº xxxx/2015 Qtde. DT | V1: AF/OS nº xxxx/2015 Qtde. DT | W1: AF/OS nº xxxx/2015 Qtde. DT
A2: CENTRO PARTICIPANTE: FAED
A3: FORNECEDOR | B3: LOTE | C3: ITEM | D3: PRODUTO - CARACTERÍSTICAS MÍNIMAS | E3: UNIDADE | F3: MARCA | G3: DETALHAMENTO | H3: Preço UNITÁRIO (R$) | I3: Qtde Registrada | J3: Saldo / Automático | K3: ALERTA | L3: 42445 | M3: ...../...../...... | N3: ...../...../...... | O3: ...../...../...... | P3: ...../...../...... | Q3: ...../...../...... | R3: ...../...../...... | S3: ...../...../...... | T3: ...../...../...... | U3: ...../...../...... | V3: ...../...../...... | W3: ...../...../......
A4: BMI Prosper Eireli | B4: 1 | C4: 1 | D4: Papel higiênico, folha simples, de qualidade, na cor branca, 100% celulose virgem, fibras naturais, sem pigmentação aparente, gramatura mínima de 16g/m2, neutro, macio, com alto poder de absorção, com distribuição homogênea das fibras ao longo do papel, sem rebarbas no corte lateral; rolo com 500 metros X 10cm de largura, embalado em caixa de papelão resistente com 08 rolos. | E4: Rolo | F4: NC Papéis | G4: 33.90.30.22 | H4: 5.44 | I4: 5000 | J4: =I4-(SUM(L4:W4)) -> 5000 | K4: =IF(J4<0,"ATENÇÃO","OK") -> OK | L4: 0 | M4: 0 | N4: 0 | O4: 0 | P4: 0 | Q4: 0 | R4: 0 | S4: 0 | T4: 0 | U4: 0 | V4: 0 | W4: 0
A5: Goedert Imports Ltda EPP | B5: 2 | C5: 2 | D5: Saco para lixo doméstico, de polietileno, capacidade 100 litros, medindo 75 cm x 105 cm, (variação de ± 1cm), com no mínimo 0,10 mm de espessura, de qualquer cor, exceto branco; embalados em pacotes com 5 unidades e acondicionados em fardo resistente com 20 pacotes, conforme normas da ABNT 9191:2008. O material não pode expelir odor desagradável. Trazer a embalagem lacrada de fábrica. | E5: Pacote | F5: Nobre | G5: 33.90.30.22 | H5: 2.3 | I5: 1200 | J5: =I5-(SUM(L5:W5)) -> 1200 | K5: =IF(J5<0,"ATENÇÃO","OK") -> OK | L5: 0 | M5: 0 | N5: 0 | O5: 0 | P5: 0 | Q5: 0 | R5: 0 | S5: 0 | T5: 0 | U5: 0 | V5: 0 | W5: 0
A6: Goedert Imports Ltda EPP | B6: 3 | C6: 3 | D6: Saco para lixo doméstico, de polietileno, capacidade 30 litros, medindo aproximadamente 59 cm x 62 cm, com no mínimo 0,07 mm de espessura, de qualquer cor, exceto branco; embalados em pacotes com 10 unidades e acondicionados em fardo resistente com 10 pacotes, conforme normas da ABNT. O material não pode expelir odor desagradável. Trazer a embalagem lacrada de fábrica. | E6: Pacote | F6: Nobre | G6: 33.90.30.22 | H6: 1.6 | I6: 1200 | J6: =I6-(SUM(L6:W6)) -> 1200 | K6: =IF(J6<0,"ATENÇÃO","OK") -> OK | L6: 0 | M6: 0 | N6: 0 | O6: 0 | P6: 0 | Q6: 0 | R6: 0 | S6: 0 | T6: 0 | U6: 0 | V6: 0 | W6: 0
C7: 4 | D7: Saco para lixo doméstico, de polietileno, capacidade 50 litros, medindo aproximadamente 63 cm x 80 cm, com no mínimo 0,08 mm de espessura, de qualquer cor, exceto branco; embalados em pacotes com 10 unidades e acondicionados em fardo resistente com 10 pacotes, conforme normas da ABNT. O material não pode expelir odor desagradável.Trazer a embalagem lacrada de fábrica. | E7: Pacote | F7: Nobre | G7: 33.90.30.22 | H7: 1.75 | I7: 500 | J7: =I7-(SUM(L7:W7)) -> 320 | K7: =IF(J7<0,"ATENÇÃO","OK") -> OK | L7: 180 | M7: 0 | N7: 0 | O7: 0 | P7: 0 | Q7: 0 | R7: 0 | S7: 0 | T7: 0 | U7: 0 | V7: 0 | W7: 0
C8: 5 | D8: Saco para lixo doméstico, de polietileno, capacidade 15 litros, medindo 39 cm x 58 cm, (variação de ± 1cm), com no mínimo 0,07 mm de espessura, de qualquer cor, exceto branco; embalados em pacotes com 20 unidades e acondicionados em fardo resistente com 5 pacotes, conforme normas da ABNT 9191:2008. O material não pode expelir odor desagradável. Trazer a embalagem lacrada de fábrica. | E8: Pacote | F8: Nobre | G8: 33.90.30.22 | H8: 1.9 | I8: 500 | J8: =I8-(SUM(L8:W8)) -> 460 | K8: =IF(J8<0,"ATENÇÃO","OK") -> OK | L8: 40 | M8: 0 | N8: 0 | O8: 0 | P8: 0 | Q8: 0 | R8: 0 | S8: 0 | T8: 0 | U8: 0 | V8: 0 | W8: 0
D10: Prazos de entrega e pagamento conforme Termo de Referência

Sheet CEAD
A1: PROCESSO: 1137/2015/UDESC | D1: OBJETO: AQUISIÇÃO DE MATERIAL DE HIGIENE E LIMPEZA PARA A UDESC | I1: VIGÊNCIA DA ATA: 15/10/2015 até 14/10/2016 | L1: AF/OS nº xxxx/2015 Qtde. DT | M1: AF/OS nº xxxx/2015 Qtde. DT | N1: AF/OS nº xxxx/2015 Qtde. DT | O1: AF/OS nº xxxx/2015 Qtde. DT | P1: AF/OS nº xxxx/2015 Qtde. DT | Q1: AF/OS nº xxxx/2015 Qtde. DT | R1: AF/OS nº xxxx/2015 Qtde. DT | S1: AF/OS nº xxxx/2015 Qtde. DT | T1: AF/OS nº xxxx/2015 Qtde. DT | U1: AF/OS nº xxxx/2015 Qtde. DT | V1: AF/OS nº xxxx/2015 Qtde. DT | W1: AF/OS nº xxxx/2015 Qtde. DT
A2: CENTRO PARTICIPANTE: CEAD
A3: FORNECEDOR | B3: LOTE | C3: ITEM | D3: PRODUTO - CARACTERÍSTICAS MÍNIMAS | E3: UNIDADE | F3: MARCA | G3: DETALHAMENTO | H3: Preço UNITÁRIO (R$) | I3: Qtde Registrada | J3: Saldo / Automático | K3: ALERTA | L3: ...../...../...... | M3: ...../...../...... | N3: ...../...../...... | O3: ...../...../...... | P3: ...../...../...... | Q3: ...../...../...... | R3: ...../...../...... | S3: ...../...../...... | T3: ...../...../...... | U3: ...../...../...... | V3: ...../...../...... | W3: ...../...../......
A4: BMI Prosper Eireli | B4: 1 | C4: 1 | D4: Papel higiênico, folha simples, de qualidade, na cor branca, 100% celulose virgem, fibras naturais, sem pigmentação aparente, gramatura mínima de 16g/m2, neutro, macio, com alto poder de absorção, com distribuição homogênea das fibras ao longo do papel, sem rebarbas no corte lateral; rolo com 500 metros X 10cm de largura, embalado em caixa de papelão resistente com 08 rolos. | E4: Rolo | F4: NC Papéis | G4: 33.90.30.22 | H4: 5.44 | I4: 500 | J4: =I4-(SUM(L4:W4)) -> 500 | K4: =IF(J4<0,"ATENÇÃO","OK") -> OK | L4: 0 | M4: 0 | N4: 0 | O4: 0 | P4: 0 | Q4: 0 | R4: 0 | S4: 0 | T4: 0 | U4: 0 | V4: 0 | W4: 0
A5: Goedert Imports Ltda EPP | B5: 2 | C5: 2 | D5: Saco para lixo doméstico, de polietileno, capacidade 100 litros, medindo 75 cm x 105 cm, (variação de ± 1cm), com no mínimo 0,10 mm de espessura, de qualquer cor, exceto branco; embalados em pacotes com 5 unidades e acondicionados em fardo resistente com 20 pacotes, conforme normas da ABNT 9191:2008. O material não pode expelir odor desagradável. Trazer a embalagem lacrada de fábrica. | E5: Pacote | F5: Nobre | G5: 33.90.30.22 | H5: 2.3 | I5: 200 | J5: =I5-(SUM(L5:W5)) -> 200 | K5: =IF(J5<0,"ATENÇÃO","OK") -> OK | L5: 0 | M5: 0 | N5: 0 | O5: 0 | P5: 0 | Q5: 0 | R5: 0 | S5: 0 | T5: 0 | U5: 0 | V5: 0 | W5: 0
A6: Goedert Imports Ltda EPP | B6: 3 | C6: 3 | D6: Saco para lixo doméstico, de polietileno, capacidade 30 litros, medindo aproximadamente 59 cm x 62 cm, com no mínimo 0,07 mm de espessura, de qualquer cor, exceto branco; embalados em pacotes com 10 unidades e acondicionados em fardo resistente com 10 pacotes, conforme normas da ABNT. O material não pode expelir odor desagradável. Trazer a embalagem lacrada de fábrica. | E6: Pacote | F6: Nobre | G6: 33.90.30.22 | H6: 1.6 | I6: 200 | J6: =I6-(SUM(L6:W6)) -> 200 | K6: =IF(J6<0,"ATENÇÃO","OK") -> OK | L6: 0 | M6: 0 | N6: 0 | O6: 0 | P6: 0 | Q6: 0 | R6: 0 | S6: 0 | T6: 0 | U6: 0 | V6: 0 | W6: 0
C7: 4 | D7: Saco para lixo doméstico, de polietileno, capacidade 50 litros, medindo aproximadamente 63 cm x 80 cm, com no mínimo 0,08 mm de espessura, de qualquer cor, exceto branco; embalados em pacotes com 10 unidades e acondicionados em fardo resistente com 10 pacotes, conforme normas da ABNT. O material não pode expelir odor desagradável.Trazer a embalagem lacrada de fábrica. | E7: Pacote | F7: Nobre | G7: 33.90.30.22 | H7: 1.75 | I7: 100 | J7: =I7-(SUM(L7:W7)) -> 100 | K7: =IF(J7<0,"ATENÇÃO","OK") -> OK | L7: 0 | M7: 0 | N7: 0 | O7: 0 | P7: 0 | Q7: 0 | R7: 0 | S7: 0 | T7: 0 | U7: 0 | V7: 0 | W7: 0
C8: 5 | D8: Saco para lixo doméstico, de polietileno, capacidade 15 litros, medindo 39 cm x 58 cm, (variação de ± 1cm), com no mínimo 0,07 mm de espessura, de qualquer cor, exceto branco; embalados em pacotes com 20 unidades e acondicionados em fardo resistente com 5 pacotes, conforme normas da ABNT 9191:2008. O material não pode expelir odor desagradável. Trazer a embalagem lacrada de fábrica. | E8: Pacote | F8: Nobre | G8: 33.90.30.22 | H8: 1.9 | I8: 100 | J8: =I8-(SUM(L8:W8)) -> 100 | K8: =IF(J8<0,"ATENÇÃO","OK") -> OK | L8: 0 | M8: 0 | N8: 0 | O8: 0 | P8: 0 | Q8: 0 | R8: 0 | S8: 0 | T8: 0 | U8: 0 | V8: 0 | W8: 0
D10: Prazos de entrega e pagamento conforme Termo de Referência

Sheet CCT
A1: PROCESSO: 1137/2015/UDESC | D1: OBJETO: AQUISIÇÃO DE MATERIAL DE HIGIENE E LIMPEZA PARA A UDESC | I1: VIGÊNCIA DA ATA: 15/10/2015 até 14/10/2016 | L1: AF/OS nº 2101/2015 Qtde. DT | M1: AF/OS nº 87/2016 | N1: AF/OS nº 88/2016 | O1: AF/OS nº xxxx/2015 Qtde. DT | P1: AF/OS nº xxxx/2015 Qtde. DT | Q1: AF/OS nº xxxx/2015 Qtde. DT | R1: AF/OS nº xxxx/2015 Qtde. DT | S1: AF/OS nº xxxx/2015 Qtde. DT | T1: AF/OS nº xxxx/2015 Qtde. DT | U1: AF/OS nº xxxx/2015 Qtde. DT | V1: AF/OS nº xxxx/2015 Qtde. DT | W1: AF/OS nº xxxx/2015 Qtde. DT
A2: CENTRO PARTICIPANTE: CCT
A3: FORNECEDOR | B3: LOTE | C3: ITEM | D3: PRODUTO - CARACTERÍSTICAS MÍNIMAS | E3: UNIDADE | F3: MARCA | G3: DETALHAMENTO | H3: Preço UNITÁRIO (R$) | I3: Qtde Registrada | J3: Saldo / Automático | K3: ALERTA | L3: 42313 | M3: 42405 | N3: 42405 | O3: ...../...../...... | P3: ...../...../...... | Q3: ...../...../...... | R3: ...../...../...... | S3: ...../...../...... | T3: ...../...../...... | U3: ...../...../...... | V3: ...../...../...... | W3: ...../...../......
A4: BMI Prosper Eireli | B4: 1 | C4: 1 | D4: Papel higiênico, folha simples, de qualidade, na cor branca, 100% celulose virgem, fibras naturais, sem pigmentação aparente, gramatura mínima de 16g/m2, neutro, macio, com alto poder de absorção, com distribuição homogênea das fibras ao longo do papel, sem rebarbas no corte lateral; rolo com 500 metros X 10cm de largura, embalado em caixa de papelão resistente com 08 rolos. | E4: Rolo | F4: NC Papéis | G4: 33.90.30.22 | H4: 5.44 | I4: 5000 | J4: =I4-(SUM(L4:W4)) -> 3600 | K4: =IF(J4<0,"ATENÇÃO","OK") -> OK | L4: 200 | M4: 1200 | N4: 0 | O4: 0 | P4: 0 | Q4: 0 | R4: 0 | S4: 0 | T4: 0 | U4: 0 | V4: 0 | W4: 0
A5: Goedert Imports Ltda EPP | B5: 2 | C5: 2 | D5: Saco para lixo doméstico, de polietileno, capacidade 100 litros, medindo 75 cm x 105 cm, (variação de ± 1cm), com no mínimo 0,10 mm de espessura, de qualquer cor, exceto branco; embalados em pacotes com 5 unidades e acondicionados em fardo resistente com 20 pacotes, conforme normas da ABNT 9191:2008. O material não pode expelir odor desagradável. Trazer a embalagem lacrada de fábrica. | E5: Pacote | F5: Nobre | G5: 33.90.30.22 | H5: 2.3 | I5: 3000 | J5: =I5-(SUM(L5:W5)) -> 2500 | K5: =IF(J5<0,"ATENÇÃO","OK") -> OK | L5: 0 | M5: 0 | N5: 500 | O5: 0 | P5: 0 | Q5: 0 | R5: 0 | S5: 0 | T5: 0 | U5: 0 | V5: 0 | W5: 0
A6: Goedert Imports Ltda EPP | B6: 3 | C6: 3 | D6: Saco para lixo doméstico, de polietileno, capacidade 30 litros, medindo aproximadamente 59 cm x 62 cm, com no mínimo 0,07 mm de espessura, de qualquer cor, exceto branco; embalados em pacotes com 10 unidades e acondicionados em fardo resistente com 10 pacotes, conforme normas da ABNT. O material não pode expelir odor desagradável. Trazer a embalagem lacrada de fábrica. | E6: Pacote | F6: Nobre | G6: 33.90.30.22 | H6: 1.6 | I6: 1500 | J6: =I6-(SUM(L6:W6)) -> 1200 | K6: =IF(J6<0,"ATENÇÃO","OK") -> OK | L6: 0 | M6: 0 | N6: 300 | O6: 0 | P6: 0 | Q6: 0 | R6: 0 | S6: 0 | T6: 0 | U6: 0 | V6: 0 | W6: 0
C7: 4 | D7: Saco para lixo doméstico, de polietileno, capacidade 50 litros, medindo aproximadamente 63 cm x 80 cm, com no mínimo 0,08 mm de espessura, de qualquer cor, exceto branco; embalados em pacotes com 10 unidades e acondicionados em fardo resistente com 10 pacotes, conforme normas da ABNT. O material não pode expelir odor desagradável.Trazer a embalagem lacrada de fábrica. | E7: Pacote | F7: Nobre | G7: 33.90.30.22 | H7: 1.75 | I7: 2000 | J7: =I7-(SUM(L7:W7)) -> 1700 | K7: =IF(J7<0,"ATENÇÃO","OK") -> OK | L7: 0 | M7: 0 | N7: 300 | O7: 0 | P7: 0 | Q7: 0 | R7: 0 | S7: 0 | T7: 0 | U7: 0 | V7: 0 | W7: 0
C8: 5 | D8: Saco para lixo doméstico, de polietileno, capacidade 15 litros, medindo 39 cm x 58 cm, (variação de ± 1cm), com no mínimo 0,07 mm de espessura, de qualquer cor, exceto branco; embalados em pacotes com 20 unidades e acondicionados em fardo resistente com 5 pacotes, conforme normas da ABNT 9191:2008. O material não pode expelir odor desagradável. Trazer a embalagem lacrada de fábrica. | E8: Pacote | F8: Nobre | G8: 33.90.30.22 | H8: 1.9 | I8: 500 | J8: =I8-(SUM(L8:W8)) -> 400 | K8: =IF(J8<0,"ATENÇÃO","OK") -> OK | L8: 0 | M8: 0 | N8: 100 | O8: 0 | P8: 0 | Q8: 0 | R8: 0 | S8: 0 | T8: 0 | U8: 0 | V8: 0 | W8: 0
D10: Prazos de entrega e pagamento conforme Termo de Referência

Sheet CEPLAN
A1: PROCESSO: 1137/2015/UDESC | D1: OBJETO: AQUISIÇÃO DE MATERIAL DE HIGIENE E LIMPEZA PARA A UDESC | I1: VIGÊNCIA DA ATA: 15/10/2015 até 14/10/2016 | L1: AF/OS nº xxxx/2015 Qtde. DT | M1: AF/OS nº xxxx/2015 Qtde. DT | N1: AF/OS nº xxxx/2015 Qtde. DT | O1: AF/OS nº xxxx/2015 Qtde. DT | P1: AF/OS nº xxxx/2015 Qtde. DT | Q1: AF/OS nº xxxx/2015 Qtde. DT | R1: AF/OS nº xxxx/2015 Qtde. DT | S1: AF/OS nº xxxx/2015 Qtde. DT | T1: AF/OS nº xxxx/2015 Qtde. DT | U1: AF/OS nº xxxx/2015 Qtde. DT | V1: AF/OS nº xxxx/2015 Qtde. DT | W1: AF/OS nº xxxx/2015 Qtde. DT
A2: CENTRO PARTICIPANTE: CEPLAN
A3: FORNECEDOR | B3: LOTE | C3: ITEM | D3: PRODUTO - CARACTERÍSTICAS MÍNIMAS | E3: UNIDADE | F3: MARCA | G3: DETALHAMENTO | H3: Preço UNITÁRIO (R$) | I3: Qtde Registrada | J3: Saldo / Automático | K3: ALERTA | L3: ...../...../...... | M3: ...../...../...... | N3: ...../...../...... | O3: ...../...../...... | P3: ...../...../...... | Q3: ...../...../...... | R3: ...../...../...... | S3: ...../...../...... | T3: ...../...../...... | U3: ...../...../...... | V3: ...../...../...... | W3: ...../...../......
A4: BMI Prosper Eireli | B4: 1 | C4: 1 | D4: Papel higiênico, folha simples, de qualidade, na cor branca, 100% celulose virgem, fibras naturais, sem pigmentação aparente, gramatura mínima de 16g/m2, neutro, macio, com alto poder de absorção, com distribuição homogênea das fibras ao longo do papel, sem rebarbas no corte lateral; rolo com 500 metros X 10cm de largura, embalado em caixa de papelão resistente com 08 rolos. | E4: Rolo | F4: NC Papéis | G4: 33.90.30.22 | H4: 5.44 | I4: 800 | J4: =I4-(SUM(L4:W4)) -> 800 | K4: =IF(J4<0,"ATENÇÃO","OK") -> OK | L4: 0 | M4: 0 | N4: 0 | O4: 0 | P4: 0 | Q4: 0 | R4: 0 | S4: 0 | T4: 0 | U4: 0 | V4: 0 | W4: 0
A5: Goedert Imports Ltda EPP | B5: 2 | C5: 2 | D5: Saco para lixo doméstico, de polietileno, capacidade 100 litros, medindo 75 cm x 105 cm, (variação de ± 1cm), com no mínimo 0,10 mm de espessura, de qualquer cor, exceto branco; embalados em pacotes com 5 unidades e acondicionados em fardo resistente com 20 pacotes, conforme normas da ABNT 9191:2008. O material não pode expelir odor desagradável. Trazer a embalagem lacrada de fábrica. | E5: Pacote | F5: Nobre | G5: 33.90.30.22 | H5: 2.3 | I5: 200 | J5: =I5-(SUM(L5:W5)) -> 200 | K5: =IF(J5<0,"ATENÇÃO","OK") -> OK | L5: 0 | M5: 0 | N5: 0 | O5: 0 | P5: 0 | Q5: 0 | R5: 0 | S5: 0 | T5: 0 | U5: 0 | V5: 0 | W5: 0
A6: Goedert Imports Ltda EPP | B6: 3 | C6: 3 | D6: Saco para lixo doméstico, de polietileno, capacidade 30 litros, medindo aproximadamente 59 cm x 62 cm, com no mínimo 0,07 mm de espessura, de qualquer cor, exceto branco; embalados em pacotes com 10 unidades e acondicionados em fardo resistente com 10 pacotes, conforme normas da ABNT. O material não pode expelir odor desagradável. Trazer a embalagem lacrada de fábrica. | E6: Pacote | F6: Nobre | G6: 33.90.30.22 | H6: 1.6 | I6: 200 | J6: =I6-(SUM(L6:W6)) -> 200 | K6: =IF(J6<0,"ATENÇÃO","OK") -> OK | L6: 0 | M6: 0 | N6: 0 | O6: 0 | P6: 0 | Q6: 0 | R6: 0 | S6: 0 | T6: 0 | U6: 0 | V6: 0 | W6: 0
C7: 4 | D7: Saco para lixo doméstico, de polietileno, capacidade 50 litros, medindo aproximadamente 63 cm x 80 cm, com no mínimo 0,08 mm de espessura, de qualquer cor, exceto branco; embalados em pacotes com 10 unidades e acondicionados em fardo resistente com 10 pacotes, conforme normas da ABNT. O material não pode expelir odor desagradável.Trazer a embalagem lacrada de fábrica. | E7: Pacote | F7: Nobre | G7: 33.90.30.22 | H7: 1.75 | I7: 200 | J7: =I7-(SUM(L7:W7)) -> 200 | K7: =IF(J7<0,"ATENÇÃO","OK") -> OK | L7: 0 | M7: 0 | N7: 0 | O7: 0 | P7: 0 | Q7: 0 | R7: 0 | S7: 0 | T7: 0 | U7: 0 | V7: 0 | W7: 0
C8: 5 | D8: Saco para lixo doméstico, de polietileno, capacidade 15 litros, medindo 39 cm x 58 cm, (variação de ± 1cm), com no mínimo 0,07 mm de espessura, de qualquer cor, exceto branco; embalados em pacotes com 20 unidades e acondicionados em fardo resistente com 5 pacotes, conforme normas da ABNT 9191:2008. O material não pode expelir odor desagradável. Trazer a embalagem lacrada de fábrica. | E8: Pacote | F8: Nobre | G8: 33.90.30.22 | H8: 1.9 | I8: 200 | J8: =I8-(SUM(L8:W8)) -> 200 | K8: =IF(J8<0,"ATENÇÃO","OK") -> OK | L8: 0 | M8: 0 | N8: 0 | O8: 0 | P8: 0 | Q8: 0 | R8: 0 | S8: 0 | T8: 0 | U8: 0 | V8: 0 | W8: 0
D10: Prazos de entrega e pagamento conforme Termo de Referência

Sheet CAV
A1: PROCESSO: 1137/2015/UDESC | D1: OBJETO: AQUISIÇÃO DE MATERIAL DE HIGIENE E LIMPEZA PARA A UDESC | I1: VIGÊNCIA DA ATA: 15/10/2015 até 14/10/2016 | L1: AF/OS nº xxxx/2015 Qtde. DT | M1: AF/OS nº xxxx/2015 Qtde. DT | N1: AF/OS nº xxxx/2015 Qtde. DT | O1: AF/OS nº xxxx/2015 Qtde. DT | P1: AF/OS nº xxxx/2015 Qtde. DT | Q1: AF/OS nº xxxx/2015 Qtde. DT | R1: AF/OS nº xxxx/2015 Qtde. DT | S1: AF/OS nº xxxx/2015 Qtde. DT | T1: AF/OS nº xxxx/2015 Qtde. DT | U1: AF/OS nº xxxx/2015 Qtde. DT | V1: AF/OS nº xxxx/2015 Qtde. DT | W1: AF/OS nº xxxx/2015 Qtde. DT
A2: CENTRO PARTICIPANTE: CAV
A3: FORNECEDOR | B3: LOTE | C3: ITEM | D3: PRODUTO - CARACTERÍSTICAS MÍNIMAS | E3: UNIDADE | F3: MARCA | G3: DETALHAMENTO | H3: Preço UNITÁRIO (R$) | I3: Qtde Registrada | J3: Saldo / Automático | K3: ALERTA | L3: ...../...../...... | M3: ...../...../...... | N3: ...../...../...... | O3: ...../...../...... | P3: ...../...../...... | Q3: ...../...../...... | R3: ...../...../...... | S3: ...../...../...... | T3: ...../...../...... | U3: ...../...../...... | V3: ...../...../...... | W3: ...../...../......
A4: BMI Prosper Eireli | B4: 1 | C4: 1 | D4: Papel higiênico, folha simples, de qualidade, na cor branca, 100% celulose virgem, fibras naturais, sem pigmentação aparente, gramatura mínima de 16g/m2, neutro, macio, com alto poder de absorção, com distribuição homogênea das fibras ao longo do papel, sem rebarbas no corte lateral; rolo com 500 metros X 10cm de largura, embalado em caixa de papelão resistente com 08 rolos. | E4: Rolo | F4: NC Papéis | G4: 33.90.30.22 | H4: 5.44 | I4: 2000 | J4: =I4-(SUM(L4:W4)) -> 2000 | K4: =IF(J4<0,"ATENÇÃO","OK") -> OK | L4: 0 | M4: 0 | N4: 0 | O4: 0 | P4: 0 | Q4: 0 | R4: 0 | S4: 0 | T4: 0 | U4: 0 | V4: 0 | W4: 0
A5: Goedert Imports Ltda EPP | B5: 2 | C5: 2 | D5: Saco para lixo doméstico, de polietileno, capacidade 100 litros, medindo 75 cm x 105 cm, (variação de ± 1cm), com no mínimo 0,10 mm de espessura, de qualquer cor, exceto branco; embalados em pacotes com 5 unidades e acondicionados em fardo resistente com 20 pacotes, conforme normas da ABNT 9191:2008. O material não pode expelir odor desagradável. Trazer a embalagem lacrada de fábrica. | E5: Pacote | F5: Nobre | G5: 33.90.30.22 | H5: 2.3 | I5: 300 | J5: =I5-(SUM(L5:W5)) -> 300 | K5: =IF(J5<0,"ATENÇÃO","OK") -> OK | L5: 0 | M5: 0 | N5: 0 | O5: 0 | P5: 0 | Q5: 0 | R5: 0 | S5: 0 | T5: 0 | U5: 0 | V5: 0 | W5: 0
A6: Goedert Imports Ltda EPP | B6: 3 | C6: 3 | D6: Saco para lixo doméstico, de polietileno, capacidade 30 litros, medindo aproximadamente 59 cm x 62 cm, com no mínimo 0,07 mm de espessura, de qualquer cor, exceto branco; embalados em pacotes com 10 unidades e acondicionados em fardo resistente com 10 pacotes, conforme normas da ABNT. O material não pode expelir odor desagradável. Trazer a embalagem lacrada de fábrica. | E6: Pacote | F6: Nobre | G6: 33.90.30.22 | H6: 1.6 | I6: 300 | J6: =I6-(SUM(L6:W6)) -> 300 | K6: =IF(J6<0,"ATENÇÃO","OK") -> OK | L6: 0 | M6: 0 | N6: 0 | O6: 0 | P6: 0 | Q6: 0 | R6: 0 | S6: 0 | T6: 0 | U6: 0 | V6: 0 | W6: 0
C7: 4 | D7: Saco para lixo doméstico, de polietileno, capacidade 50 litros, medindo aproximadamente 63 cm x 80 cm, com no mínimo 0,08 mm de espessura, de qualquer cor, exceto branco; embalados em pacotes com 10 unidades e acondicionados em fardo resistente com 10 pacotes, conforme normas da ABNT. O material não pode expelir odor desagradável.Trazer a embalagem lacrada de fábrica. | E7: Pacote | F7: Nobre | G7: 33.90.30.22 | H7: 1.75 | I7: 200 | J7: =I7-(SUM(L7:W7)) -> 200 | K7: =IF(J7<0,"ATENÇÃO","OK") -> OK | L7: 0 | M7: 0 | N7: 0 | O7: 0 | P7: 0 | Q7: 0 | R7: 0 | S7: 0 | T7: 0 | U7: 0 | V7: 0 | W7: 0
C8: 5 | D8: Saco para lixo doméstico, de polietileno, capacidade 15 litros, medindo 39 cm x 58 cm, (variação de ± 1cm), com no mínimo 0,07 mm de espessura, de qualquer cor, exceto branco; embalados em pacotes com 20 unidades e acondicionados em fardo resistente com 5 pacotes, conforme normas da ABNT 9191:2008. O material não pode expelir odor desagradável. Trazer a embalagem lacrada de fábrica. | E8: Pacote | F8: Nobre | G8: 33.90.30.22 | H8: 1.9 | I8: 100 | J8: =I8-(SUM(L8:W8)) -> 100 | K8: =IF(J8<0,"ATENÇÃO","OK") -> OK | L8: 0 | M8: 0 | N8: 0 | O8: 0 | P8: 0 | Q8: 0 | R8: 0 | S8: 0 | T8: 0 | U8: 0 | V8: 0 | W8: 0
D10: Prazos de entrega e pagamento conforme Termo de Referência

Sheet CEO
A1: PROCESSO: 1137/2015/UDESC | D1: OBJETO: AQUISIÇÃO DE MATERIAL DE HIGIENE E LIMPEZA PARA A UDESC | I1: VIGÊNCIA DA ATA: 15/10/2015 até 14/10/2016 | L1: AF/OS nº xxxx/2015 Qtde. DT | M1: AF/OS nº xxxx/2015 Qtde. DT | N1: AF/OS nº xxxx/2015 Qtde. DT | O1: AF/OS nº xxxx/2015 Qtde. DT | P1: AF/OS nº xxxx/2015 Qtde. DT | Q1: AF/OS nº xxxx/2015 Qtde. DT | R1: AF/OS nº xxxx/2015 Qtde. DT | S1: AF/OS nº xxxx/2015 Qtde. DT | T1: AF/OS nº xxxx/2015 Qtde. DT | U1: AF/OS nº xxxx/2015 Qtde. DT | V1: AF/OS nº xxxx/2015 Qtde. DT | W1: AF/OS nº xxxx/2015 Qtde. DT
A2: CENTRO PARTICIPANTE: CEO
A3: FORNECEDOR | B3: LOTE | C3: ITEM | D3: PRODUTO - CARACTERÍSTICAS MÍNIMAS | E3: UNIDADE | F3: MARCA | G3: DETALHAMENTO | H3: Preço UNITÁRIO (R$) | I3: Qtde Registrada | J3: Saldo / Automático | K3: ALERTA | L3: ...../...../...... | M3: ...../...../...... | N3: ...../...../...... | O3: ...../...../...... | P3: ...../...../...... | Q3: ...../...../...... | R3: ...../...../...... | S3: ...../...../...... | T3: ...../...../...... | U3: ...../...../...... | V3: ...../...../...... | W3: ...../...../......
A4: BMI Prosper Eireli | B4: 1 | C4: 1 | D4: Papel higiênico, folha simples, de qualidade, na cor branca, 100% celulose virgem, fibras naturais, sem pigmentação aparente, gramatura mínima de 16g/m2, neutro, macio, com alto poder de absorção, com distribuição homogênea das fibras ao longo do papel, sem rebarbas no corte lateral; rolo com 500 metros X 10cm de largura, embalado em caixa de papelão resistente com 08 rolos. | E4: Rolo | F4: NC Papéis | G4: 33.90.30.22 | H4: 5.44 | I4: 900 | J4: =I4-(SUM(L4:W4)) -> 900 | K4: =IF(J4<0,"ATENÇÃO","OK") -> OK | L4: 0 | M4: 0 | N4: 0 | O4: 0 | P4: 0 | Q4: 0 | R4: 0 | S4: 0 | T4: 0 | U4: 0 | V4: 0 | W4: 0
A5: Goedert Imports Ltda EPP | B5: 2 | C5: 2 | D5: Saco para lixo doméstico, de polietileno, capacidade 100 litros, medindo 75 cm x 105 cm, (variação de ± 1cm), com no mínimo 0,10 mm de espessura, de qualquer cor, exceto branco; embalados em pacotes com 5 unidades e acondicionados em fardo resistente com 20 pacotes, conforme normas da ABNT 9191:2008. O material não pode expelir odor desagradável. Trazer a embalagem lacrada de fábrica. | E5: Pacote | F5: Nobre | G5: 33.90.30.22 | H5: 2.3 | I5: 5 | J5: =I5-(SUM(L5:W5)) -> 5 | K5: =IF(J5<0,"ATENÇÃO","OK") -> OK | L5: 0 | M5: 0 | N5: 0 | O5: 0 | P5: 0 | Q5: 0 | R5: 0 | S5: 0 | T5: 0 | U5: 0 | V5: 0 | W5: 0
A6: Goedert Imports Ltda EPP | B6: 3 | C6: 3 | D6: Saco para lixo doméstico, de polietileno, capacidade 30 litros, medindo aproximadamente 59 cm x 62 cm, com no mínimo 0,07 mm de espessura, de qualquer cor, exceto branco; embalados em pacotes com 10 unidades e acondicionados em fardo resistente com 10 pacotes, conforme normas da ABNT. O material não pode expelir odor desagradável. Trazer a embalagem lacrada de fábrica. | E6: Pacote | F6: Nobre | G6: 33.90.30.22 | H6: 1.6 | J6: =I6-(SUM(L6:W6)) -> 0 | K6: =IF(J6<0,"ATENÇÃO","OK") -> OK | L6: 0 | M6: 0 | N6: 0 | O6: 0 | P6: 0 | Q6: 0 | R6: 0 | S6: 0 | T6: 0 | U6: 0 | V6: 0 | W6: 0
C7: 4 | D7: Saco para lixo doméstico, de polietileno, capacidade 50 litros, medindo aproximadamente 63 cm x 80 cm, com no mínimo 0,08 mm de espessura, de qualquer cor, exceto branco; embalados em pacotes com 10 unidades e acondicionados em fardo resistente com 10 pacotes, conforme normas da ABNT. O material não pode expelir odor desagradável.Trazer a embalagem lacrada de fábrica. | E7: Pacote | F7: Nobre | G7: 33.90.30.22 | H7: 1.75 | J7: =I7-(SUM(L7:W7)) -> 0 | K7: =IF(J7<0,"ATENÇÃO","OK") -> OK | L7: 0 | M7: 0 | N7: 0 | O7: 0 | P7: 0 | Q7: 0 | R7: 0 | S7: 0 | T7: 0 | U7: 0 | V7: 0 | W7: 0
C8: 5 | D8: Saco para lixo doméstico, de polietileno, capacidade 15 litros, medindo 39 cm x 58 cm, (variação de ± 1cm), com no mínimo 0,07 mm de espessura, de qualquer cor, exceto branco; embalados em pacotes com 20 unidades e acondicionados em fardo resistente com 5 pacotes, conforme normas da ABNT 9191:2008. O material não pode expelir odor desagradável. Trazer a embalagem lacrada de fábrica. | E8: Pacote | F8: Nobre | G8: 33.90.30.22 | H8: 1.9 | J8: =I8-(SUM(L8:W8)) -> 0 | K8: =IF(J8<0,"ATENÇÃO","OK") -> OK | L8: 0 | M8: 0 | N8: 0 | O8: 0 | P8: 0 | Q8: 0 | R8: 0 | S8: 0 | T8: 0 | U8: 0 | V8: 0 | W8: 0
D10: Prazos de entrega e pagamento conforme Termo de Referência

Sheet CEAVI
A1: PROCESSO: 1137/2015/UDESC | D1: OBJETO: AQUISIÇÃO DE MATERIAL DE HIGIENE E LIMPEZA PARA A UDESC | I1: VIGÊNCIA DA ATA: 15/10/2015 até 14/10/2016 | L1: AF/OS nº 2007/2015 Qtde. DT | M1: AF/OS nº 66/2016 Qtde. DT | N1: AF/OS nº xxxx/2015 Qtde. DT | O1: AF/OS nº xxxx/2015 Qtde. DT | P1: AF/OS nº xxxx/2015 Qtde. DT | Q1: AF/OS nº xxxx/2015 Qtde. DT | R1: AF/OS nº xxxx/2015 Qtde. DT | S1: AF/OS nº xxxx/2015 Qtde. DT | T1: AF/OS nº xxxx/2015 Qtde. DT | U1: AF/OS nº xxxx/2015 Qtde. DT | V1: AF/OS nº xxxx/2015 Qtde. DT | W1: AF/OS nº xxxx/2015 Qtde. DT
A2: CENTRO PARTICIPANTE: CEAVI
A3: FORNECEDOR | B3: LOTE | C3: ITEM | D3: PRODUTO - CARACTERÍSTICAS MÍNIMAS | E3: UNIDADE | F3: MARCA | G3: DETALHAMENTO | H3: Preço UNITÁRIO (R$) | I3: Qtde Registrada | J3: Saldo / Automático | K3: ALERTA | L3: 42243 | M3: 42433 | N3: ...../...../...... | O3: ...../...../...... | P3: ...../...../...... | Q3: ...../...../...... | R3: ...../...../...... | S3: ...../...../...... | T3: ...../...../...... | U3: ...../...../...... | V3: ...../...../...... | W3: ...../...../......
A4: BMI Prosper Eireli | B4: 1 | C4: 1 | D4: Papel higiênico, folha simples, de qualidade, na cor branca, 100% celulose virgem, fibras naturais, sem pigmentação aparente, gramatura mínima de 16g/m2, neutro, macio, com alto poder de absorção, com distribuição homogênea das fibras ao longo do papel, sem rebarbas no corte lateral; rolo com 500 metros X 10cm de largura, embalado em caixa de papelão resistente com 08 rolos. | E4: Rolo | F4: NC Papéis | G4: 33.90.30.22 | H4: 5.44 | I4: 2000 | J4: =I4-(SUM(L4:W4)) -> 1760 | K4: =IF(J4<0,"ATENÇÃO","OK") -> OK | L4: 240 | M4: 0 | N4: 0 | O4: 0 | P4: 0 | Q4: 0 | R4: 0 | S4: 0 | T4: 0 | U4: 0 | V4: 0 | W4: 0
A5: Goedert Imports Ltda EPP | B5: 2 | C5: 2 | D5: Saco para lixo doméstico, de polietileno, capacidade 100 litros, medindo 75 cm x 105 cm, (variação de ± 1cm), com no mínimo 0,10 mm de espessura, de qualquer cor, exceto branco; embalados em pacotes com 5 unidades e acondicionados em fardo resistente com 20 pacotes, conforme normas da ABNT 9191:2008. O material não pode expelir odor desagradável. Trazer a embalagem lacrada de fábrica. | E5: Pacote | F5: Nobre | G5: 33.90.30.22 | H5: 2.3 | I5: 200 | J5: =I5-(SUM(L5:W5)) -> 200 | K5: =IF(J5<0,"ATENÇÃO","OK") -> OK | L5: 0 | M5: 0 | N5: 0 | O5: 0 | P5: 0 | Q5: 0 | R5: 0 | S5: 0 | T5: 0 | U5: 0 | V5: 0 | W5: 0
A6: Goedert Imports Ltda EPP | B6: 3 | C6: 3 | D6: Saco para lixo doméstico, de polietileno, capacidade 30 litros, medindo aproximadamente 59 cm x 62 cm, com no mínimo 0,07 mm de espessura, de qualquer cor, exceto branco; embalados em pacotes com 10 unidades e acondicionados em fardo resistente com 10 pacotes, conforme normas da ABNT. O material não pode expelir odor desagradável. Trazer a embalagem lacrada de fábrica. | E6: Pacote | F6: Nobre | G6: 33.90.30.22 | H6: 1.6 | I6: 300 | J6: =I6-(SUM(L6:W6)) -> 150 | K6: =IF(J6<0,"ATENÇÃO","OK") -> OK | L6: 0 | M6: 150 | N6: 0 | O6: 0 | P6: 0 | Q6: 0 | R6: 0 | S6: 0 | T6: 0 | U6: 0 | V6: 0 | W6: 0
C7: 4 | D7: Saco para lixo doméstico, de polietileno, capacidade 50 litros, medindo aproximadamente 63 cm x 80 cm, com no mínimo 0,08 mm de espessura, de qualquer cor, exceto branco; embalados em pacotes com 10 unidades e acondicionados em fardo resistente com 10 pacotes, conforme normas da ABNT. O material não pode expelir odor desagradável.Trazer a embalagem lacrada de fábrica. | E7: Pacote | F7: Nobre | G7: 33.90.30.22 | H7: 1.75 | I7: 300 | J7: =I7-(SUM(L7:W7)) -> 150 | K7: =IF(J7<0,"ATENÇÃO","OK") -> OK | L7: 0 | M7: 150 | N7: 0 | O7: 0 | P7: 0 | Q7: 0 | R7: 0 | S7: 0 | T7: 0 | U7: 0 | V7: 0 | W7: 0
C8: 5 | D8: Saco para lixo doméstico, de polietileno, capacidade 15 litros, medindo 39 cm x 58 cm, (variação de ± 1cm), com no mínimo 0,07 mm de espessura, de qualquer cor, exceto branco; embalados em pacotes com 20 unidades e acondicionados em fardo resistente com 5 pacotes, conforme normas da ABNT 9191:2008. O material não pode expelir odor desagradável. Trazer a embalagem lacrada de fábrica. | E8: Pacote | F8: Nobre | G8: 33.90.30.22 | H8: 1.9 | I8: 300 | J8: =I8-(SUM(L8:W8)) -> 150 | K8: =IF(J8<0,"ATENÇÃO","OK") -> OK | L8: 0 | M8: 150 | N8: 0 | O8: 0 | P8: 0 | Q8: 0 | R8: 0 | S8: 0 | T8: 0 | U8: 0 | V8: 0 | W8: 0
D10: Prazos de entrega e pagamento conforme Termo de Referência

Sheet CESFI
A1: PROCESSO: 1137/2015/UDESC | D1: OBJETO: AQUISIÇÃO DE MATERIAL DE HIGIENE E LIMPEZA PARA A UDESC | I1: VIGÊNCIA DA ATA: 15/10/2015 até 14/10/2016 | L1: AF/OS nº 2006/2015 Qtde. DT | M1: AF/OS nº 2226/2015 Qtde. DT | N1: AF/OS nº xxxx/2015 Qtde. DT | O1: AF/OS nº xxxx/2015 Qtde. DT | P1: AF/OS nº xxxx/2015 Qtde. DT | Q1: AF/OS nº xxxx/2015 Qtde. DT | R1: AF/OS nº xxxx/2015 Qtde. DT | S1: AF/OS nº xxxx/2015 Qtde. DT | T1: AF/OS nº xxxx/2015 Qtde. DT | U1: AF/OS nº xxxx/2015 Qtde. DT | V1: AF/OS nº xxxx/2015 Qtde. DT | W1: AF/OS nº xxxx/2015 Qtde. DT
A2: CENTRO PARTICIPANTE: CESFI
A3: FORNECEDOR | B3: LOTE | C3: ITEM | D3: PRODUTO - CARACTERÍSTICAS MÍNIMAS | E3: UNIDADE | F3: MARCA | G3: DETALHAMENTO | H3: Preço UNITÁRIO (R$) | I3: Qtde Registrada | J3: Saldo / Automático | K3: ALERTA | L3: 42300 | M3: 42334 | N3: ...../...../...... | O3: ...../...../...... | P3: ...../...../...... | Q3: ...../...../...... | R3: ...../...../...... | S3: ...../...../...... | T3: ...../...../...... | U3: ...../...../...... | V3: ...../...../...... | W3: ...../...../......
A4: BMI Prosper Eireli | B4: 1 | C4: 1 | D4: Papel higiênico, folha simples, de qualidade, na cor branca, 100% celulose virgem, fibras naturais, sem pigmentação aparente, gramatura mínima de 16g/m2, neutro, macio, com alto poder de absorção, com distribuição homogênea das fibras ao longo do papel, sem rebarbas no corte lateral; rolo com 500 metros X 10cm de largura, embalado em caixa de papelão resistente com 08 rolos. | E4: Rolo | F4: NC Papéis | G4: 33.90.30.22 | H4: 5.44 | I4: 1000 | J4: =I4-(SUM(L4:W4)) -> 600 | K4: =IF(J4<0,"ATENÇÃO","OK") -> OK | L4: 400 | M4: 0 | N4: 0 | O4: 0 | P4: 0 | Q4: 0 | R4: 0 | S4: 0 | T4: 0 | U4: 0 | V4: 0 | W4: 0
A5: Goedert Imports Ltda EPP | B5: 2 | C5: 2 | D5: Saco para lixo doméstico, de polietileno, capacidade 100 litros, medindo 75 cm x 105 cm, (variação de ± 1cm), com no mínimo 0,10 mm de espessura, de qualquer cor, exceto branco; embalados em pacotes com 5 unidades e acondicionados em fardo resistente com 20 pacotes, conforme normas da ABNT 9191:2008. O material não pode expelir odor desagradável. Trazer a embalagem lacrada de fábrica. | E5: Pacote | F5: Nobre | G5: 33.90.30.22 | H5: 2.3 | I5: 1440 | J5: =I5-(SUM(L5:W5)) -> 1340 | K5: =IF(J5<0,"ATENÇÃO","OK") -> OK | L5: 0 | M5: 100 | N5: 0 | O5: 0 | P5: 0 | Q5: 0 | R5: 0 | S5: 0 | T5: 0 | U5: 0 | V5: 0 | W5: 0
A6: Goedert Imports Ltda EPP | B6: 3 | C6: 3 | D6: Saco para lixo doméstico, de polietileno, capacidade 30 litros, medindo aproximadamente 59 cm x 62 cm, com no mínimo 0,07 mm de espessura, de qualquer cor, exceto branco; embalados em pacotes com 10 unidades e acondicionados em fardo resistente com 10 pacotes, conforme normas da ABNT. O material não pode expelir odor desagradável. Trazer a embalagem lacrada de fábrica. | E6: Pacote | F6: Nobre | G6: 33.90.30.22 | H6: 1.6 | I6: 300 | J6: =I6-(SUM(L6:W6)) -> 200 | K6: =IF(J6<0,"ATENÇÃO","OK") -> OK | L6: 0 | M6: 100 | N6: 0 | O6: 0 | P6: 0 | Q6: 0 | R6: 0 | S6: 0 | T6: 0 | U6: 0 | V6: 0 | W6: 0
C7: 4 | D7: Saco para lixo doméstico, de polietileno, capacidade 50 litros, medindo aproximadamente 63 cm x 80 cm, com no mínimo 0,08 mm de espessura, de qualquer cor, exceto branco; embalados em pacotes com 10 unidades e acondicionados em fardo resistente com 10 pacotes, conforme normas da ABNT. O material não pode expelir odor desagradável.Trazer a embalagem lacrada de fábrica. | E7: Pacote | F7: Nobre | G7: 33.90.30.22 | H7: 1.75 | I7: 300 | J7: =I7-(SUM(L7:W7)) -> 200 | K7: =IF(J7<0,"ATENÇÃO","OK") -> OK | L7: 0 | M7: 100 | N7: 0 | O7: 0 | P7: 0 | Q7: 0 | R7: 0 | S7: 0 | T7: 0 | U7: 0 | V7: 0 | W7: 0
C8: 5 | D8: Saco para lixo doméstico, de polietileno, capacidade 15 litros, medindo 39 cm x 58 cm, (variação de ± 1cm), com no mínimo 0,07 mm de espessura, de qualquer cor, exceto branco; embalados em pacotes com 20 unidades e acondicionados em fardo resistente com 5 pacotes, conforme normas da ABNT 9191:2008. O material não pode expelir odor desagradável. Trazer a embalagem lacrada de fábrica. | E8: Pacote | F8: Nobre | G8: 33.90.30.22 | H8: 1.9 | I8: 300 | J8: =I8-(SUM(L8:W8)) -> 200 | K8: =IF(J8<0,"ATENÇÃO","OK") -> OK | L8: 0 | M8: 100 | N8: 0 | O8: 0 | P8: 0 | Q8: 0 | R8: 0 | S8: 0 | T8: 0 | U8: 0 | V8: 0 | W8: 0
D10: Prazos de entrega e pagamento conforme Termo de Referência

Sheet CERES
A1: PROCESSO: 1137/2015/UDESC | D1: OBJETO: AQUISIÇÃO DE MATERIAL DE HIGIENE E LIMPEZA PARA A UDESC | I1: VIGÊNCIA DA ATA: 15/10/2015 até 14/10/2016 | L1: AF/OS nº xxxx/2015 Qtde. DT | M1: AF/OS nº xxxx/2015 Qtde. DT | N1: AF/OS nº xxxx/2015 Qtde. DT | O1: AF/OS nº xxxx/2015 Qtde. DT | P1: AF/OS nº xxxx/2015 Qtde. DT | Q1: AF/OS nº xxxx/2015 Qtde. DT | R1: AF/OS nº xxxx/2015 Qtde. DT | S1: AF/OS nº xxxx/2015 Qtde. DT | T1: AF/OS nº xxxx/2015 Qtde. DT | U1: AF/OS nº xxxx/2015 Qtde. DT | V1: AF/OS nº xxxx/2015 Qtde. DT | W1: AF/OS nº xxxx/2015 Qtde. DT
A2: CENTRO PARTICIPANTE: CERES
A3: FORNECEDOR | B3: LOTE | C3: ITEM | D3: PRODUTO - CARACTERÍSTICAS MÍNIMAS | E3: UNIDADE | F3: MARCA | G3: DETALHAMENTO | H3: Preço UNITÁRIO (R$) | I3: Qtde Registrada | J3: Saldo / Automático | K3: ALERTA | L3: ...../...../...... | M3: ...../...../...... | N3: ...../...../...... | O3: ...../...../...... | P3: ...../...../...... | Q3: ...../...../...... | R3: ...../...../...... | S3: ...../...../...... | T3: ...../...../...... | U3: ...../...../...... | V3: ...../...../...... | W3: ...../...../......
A4: BMI Prosper Eireli | B4: 1 | C4: 1 | D4: Papel higiênico, folha simples, de qualidade, na cor branca, 100% celulose virgem, fibras naturais, sem pigmentação aparente, gramatura mínima de 16g/m2, neutro, macio, com alto poder de absorção, com distribuição homogênea das fibras ao longo do papel, sem rebarbas no corte lateral; rolo com 500 metros X 10cm de largura, embalado em caixa de papelão resistente com 08 rolos. | E4: Rolo | F4: NC Papéis | G4: 33.90.30.22 | H4: 5.44 | I4: 2400 | J4: =I4-(SUM(L4:W4)) -> 2400 | K4: =IF(J4<0,"ATENÇÃO","OK") -> OK | L4: 0 | M4: 0 | N4: 0 | O4: 0 | P4: 0 | Q4: 0 | R4: 0 | S4: 0 | T4: 0 | U4: 0 | V4: 0 | W4: 0
A5: Goedert Imports Ltda EPP | B5: 2 | C5: 2 | D5: Saco para lixo doméstico, de polietileno, capacidade 100 litros, medindo 75 cm x 105 cm, (variação de ± 1cm), com no mínimo 0,10 mm de espessura, de qualquer cor, exceto branco; embalados em pacotes com 5 unidades e acondicionados em fardo resistente com 20 pacotes, conforme normas da ABNT 9191:2008. O material não pode expelir odor desagradável. Trazer a embalagem lacrada de fábrica. | E5: Pacote | F5: Nobre | G5: 33.90.30.22 | H5: 2.3 | I5: 600 | J5: =I5-(SUM(L5:W5)) -> 600 | K5: =IF(J5<0,"ATENÇÃO","OK") -> OK | L5: 0 | M5: 0 | N5: 0 | O5: 0 | P5: 0 | Q5: 0 | R5: 0 | S5: 0 | T5: 0 | U5: 0 | V5: 0 | W5: 0
A6: Goedert Imports Ltda EPP | B6: 3 | C6: 3 | D6: Saco para lixo doméstico, de polietileno, capacidade 30 litros, medindo aproximadamente 59 cm x 62 cm, com no mínimo 0,07 mm de espessura, de qualquer cor, exceto branco; embalados em pacotes com 10 unidades e acondicionados em fardo resistente com 10 pacotes, conforme normas da ABNT. O material não pode expelir odor desagradável. Trazer a embalagem lacrada de fábrica. | E6: Pacote | F6: Nobre | G6: 33.90.30.22 | H6: 1.6 | I6: 400 | J6: =I6-(SUM(L6:W6)) -> 400 | K6: =IF(J6<0,"ATENÇÃO","OK") -> OK | L6: 0 | M6: 0 | N6: 0 | O6: 0 | P6: 0 | Q6: 0 | R6: 0 | S6: 0 | T6: 0 | U6: 0 | V6: 0 | W6: 0
C7: 4 | D7: Saco para lixo doméstico, de polietileno, capacidade 50 litros, medindo aproximadamente 63 cm x 80 cm, com no mínimo 0,08 mm de espessura, de qualquer cor, exceto branco; embalados em pacotes com 10 unidades e acondicionados em fardo resistente com 10 pacotes, conforme normas da ABNT. O material não pode expelir odor desagradável.Trazer a embalagem lacrada de fábrica. | E7: Pacote | F7: Nobre | G7: 33.90.30.22 | H7: 1.75 | I7: 400 | J7: =I7-(SUM(L7:W7)) -> 400 | K7: =IF(J7<0,"ATENÇÃO","OK") -> OK | L7: 0 | M7: 0 | N7: 0 | O7: 0 | P7: 0 | Q7: 0 | R7: 0 | S7: 0 | T7: 0 | U7: 0 | V7: 0 | W7: 0
C8: 5 | D8: Saco para lixo doméstico, de polietileno, capacidade 15 litros, medindo 39 cm x 58 cm, (variação de ± 1cm), com no mínimo 0,07 mm de espessura, de qualquer cor, exceto branco; embalados em pacotes com 20 unidades e acondicionados em fardo resistente com 5 pacotes, conforme normas da ABNT 9191:2008. O material não pode expelir odor desagradável. Trazer a embalagem lacrada de fábrica. | E8: Pacote | F8: Nobre | G8: 33.90.30.22 | H8: 1.9 | I8: 500 | J8: =I8-(SUM(L8:W8)) -> 500 | K8: =IF(J8<0,"ATENÇÃO","OK") -> OK | L8: 0 | M8: 0 | N8: 0 | O8: 0 | P8: 0 | Q8: 0 | R8: 0 | S8: 0 | T8: 0 | U8: 0 | V8: 0 | W8: 0
D10: Prazos de entrega e pagamento conforme Termo de Referência

Sheet GESTOR
A1: PROCESSO: 1137/2015/UDESC | D1: OBJETO: AQUISIÇÃO DE MATERIAL DE HIGIENE E LIMPEZA PARA A UDESC | I1: VIGÊNCIA DA ATA: 15/10/2015 até 14/10/2016
A2: CENTRO PARTICIPANTE: GESTOR
A3: FORNECEDOR | B3: LOTE | C3: ITEM | D3: PRODUTO - CARACTERÍSTICAS MÍNIMAS | E3: UNIDADE | F3: MARCA | G3: DETALHAMENTO | H3: Preço UNITÁRIO (R$) | I3: Qtde Registrada | J3: Qtde Utilizada | K3: SALDO | L3: Valor Total Registrado | M3: Valor Total Utilizado
A4: BMI Prosper Eireli | B4: 1 | C4: 1 | D4: Papel higiênico, folha simples, de qualidade, na cor branca, 100% celulose virgem, fibras naturais, sem pigmentação aparente, gramatura mínima de 16g/m2, neutro, macio, com alto poder de absorção, com distribuição homogênea das fibras ao longo do papel, sem rebarbas no corte lateral; rolo com 500 metros X 10cm de largura, embalado em caixa de papelão resistente com 08 rolos. | E4: Rolo | F4: NC Papéis | G4: 33.90.30.22 | H4: 5.44 | I4: =REITORIA!I4+ESAG!I4+CEART!I4+CEFID!I4+FAED!I4+CEAD!I4+CCT!I4+CEPLAN!I4+CAV!I4+CEO!I4+CEAVI!I4+CESFI!I4+CERES!I4 -> 32960 | J4: =(REITORIA!I4-REITORIA!J4)+(ESAG!I4-ESAG!J4)+(CEART!I4-CEART!J4)+(CEFID!I4-CEFID!J4)+(FAED!I4-FAED!J4)+(CEAD!I4-CEAD!J4)+(CCT!I4-CCT!J4)+(CEPLAN!I4-CEPLAN!J4)+(CAV!I4-CAV!J4)+(CEO!I4-CEO!J4)+(CEAVI!I4-CEAVI!J4)+(CESFI!I4-CESFI!J4)+(CERES!I4-CERES!J4) -> 5077 | K4: =I4-J4 -> 27883 | L4: =H4*I4 -> 179302.4 | M4: =H4*J4 -> 27618.88
A5: Goedert Imports Ltda EPP | B5: 2 | C5: 2 | D5: Saco para lixo doméstico, de polietileno, capacidade 100 litros, medindo 75 cm x 105 cm, (variação de ± 1cm), com no mínimo 0,10 mm de espessura, de qualquer cor, exceto branco; embalados em pacotes com 5 unidades e acondicionados em fardo resistente com 20 pacotes, conforme normas da ABNT 9191:2008. O material não pode expelir odor desagradável. Trazer a embalagem lacrada de fábrica. | E5: Pacote | F5: Nobre | G5: 33.90.30.22 | H5: 2.3 | I5: =REITORIA!I5+ESAG!I5+CEART!I5+CEFID!I5+FAED!I5+CEAD!I5+CCT!I5+CEPLAN!I5+CAV!I5+CEO!I5+CEAVI!I5+CESFI!I5+CERES!I5 -> 19265 | J5: =(REITORIA!I5-REITORIA!J5)+(ESAG!I5-ESAG!J5)+(CEART!I5-CEART!J5)+(CEFID!I5-CEFID!J5)+(FAED!I5-FAED!J5)+(CEAD!I5-CEAD!J5)+(CCT!I5-CCT!J5)+(CEPLAN!I5-CEPLAN!J5)+(CAV!I5-CAV!J5)+(CEO!I5-CEO!J5)+(CEAVI!I5-CEAVI!J5)+(CESFI!I5-CESFI!J5)+(CERES!I5-CERES!J5) -> 2240 | K5: =I5-J5 -> 17025 | L5: =H5*I5 -> 44309.5 | M5: =H5*J5 -> 5152
A6: Goedert Imports Ltda EPP | B6: 3 | C6: 3 | D6: Saco para lixo doméstico, de polietileno, capacidade 30 litros, medindo aproximadamente 59 cm x 62 cm, com no mínimo 0,07 mm de espessura, de qualquer cor, exceto branco; embalados em pacotes com 10 unidades e acondicionados em fardo resistente com 10 pacotes, conforme normas da ABNT. O material não pode expelir odor desagradável. Trazer a embalagem lacrada de fábrica. | E6: Pacote | F6: Nobre | G6: 33.90.30.22 | H6: 1.6 | I6: =REITORIA!I6+ESAG!I6+CEART!I6+CEFID!I6+FAED!I6+CEAD!I6+CCT!I6+CEPLAN!I6+CAV!I6+CEO!I6+CEAVI!I6+CESFI!I6+CERES!I6 -> 10960 | J6: =(REITORIA!I6-REITORIA!J6)+(ESAG!I6-ESAG!J6)+(CEART!I6-CEART!J6)+(CEFID!I6-CEFID!J6)+(FAED!I6-FAED!J6)+(CEAD!I6-CEAD!J6)+(CCT!I6-CCT!J6)+(CEPLAN!I6-CEPLAN!J6)+(CAV!I6-CAV!J6)+(CEO!I6-CEO!J6)+(CEAVI!I6-CEAVI!J6)+(CESFI!I6-CESFI!J6)+(CERES!I6-CERES!J6) -> 1330 | K6: =I6-J6 -> 9630 | L6: =H6*I6 -> 17536 | M6: =H6*J6 -> 2128
C7: 4 | D7: Saco para lixo doméstico, de polietileno, capacidade 50 litros, medindo aproximadamente 63 cm x 80 cm, com no mínimo 0,08 mm de espessura, de qualquer cor, exceto branco; embalados em pacotes com 10 unidades e acondicionados em fardo resistente com 10 pacotes, conforme normas da ABNT. O material não pode expelir odor desagradável.Trazer a embalagem lacrada de fábrica. | E7: Pacote | F7: Nobre | G7: 33.90.30.22 | H7: 1.75 | I7: =REITORIA!I7+ESAG!I7+CEART!I7+CEFID!I7+FAED!I7+CEAD!I7+CCT!I7+CEPLAN!I7+CAV!I7+CEO!I7+CEAVI!I7+CESFI!I7+CERES!I7 -> 11560 | J7: =(REITORIA!I7-REITORIA!J7)+(ESAG!I7-ESAG!J7)+(CEART!I7-CEART!J7)+(CEFID!I7-CEFID!J7)+(FAED!I7-FAED!J7)+(CEAD!I7-CEAD!J7)+(CCT!I7-CCT!J7)+(CEPLAN!I7-CEPLAN!J7)+(CAV!I7-CAV!J7)+(CEO!I7-CEO!J7)+(CEAVI!I7-CEAVI!J7)+(CESFI!I7-CESFI!J7)+(CERES!I7-CERES!J7) -> 1280 | K7: =I7-J7 -> 10280 | L7: =H7*I7 -> 20230 | M7: =H7*J7 -> 2240
C8: 5 | D8: Saco para lixo doméstico, de polietileno, capacidade 15 litros, medindo 39 cm x 58 cm, (variação de ± 1cm), com no mínimo 0,07 mm de espessura, de qualquer cor, exceto branco; embalados em pacotes com 20 unidades e acondicionados em fardo resistente com 5 pacotes, conforme normas da ABNT 9191:2008. O material não pode expelir odor desagradável. Trazer a embalagem lacrada de fábrica. | E8: Pacote | F8: Nobre | G8: 33.90.30.22 | H8: 1.9 | I8: =REITORIA!I8+ESAG!I8+CEART!I8+CEFID!I8+FAED!I8+CEAD!I8+CCT!I8+CEPLAN!I8+CAV!I8+CEO!I8+CEAVI!I8+CESFI!I8+CERES!I8 -> 6280 | J8: =(REITORIA!I8-REITORIA!J8)+(ESAG!I8-ESAG!J8)+(CEART!I8-CEART!J8)+(CEFID!I8-CEFID!J8)+(FAED!I8-FAED!J8)+(CEAD!I8-CEAD!J8)+(CCT!I8-CCT!J8)+(CEPLAN!I8-CEPLAN!J8)+(CAV!I8-CAV!J8)+(CEO!I8-CEO!J8)+(CEAVI!I8-CEAVI!J8)+(CESFI!I8-CESFI!J8)+(CERES!I8-CERES!J8) -> 590 | K8: =I8-J8 -> 5690 | L8: =H8*I8 -> 11932 | M8: =H8*J8 -> 1121
L9: =SUM(L4:L8) -> 273309.9 | M9: =SUM(M4:M8) -> 38259.88
D10: Prazos de entrega e pagamento conforme Termo de Referência
I13: Pregão 1137/2015/UDESC - SRP
I14: AQUISIÇÃO DE MATERIAL DE HIGIENE E LIMPEZA PARA A UDESC
I15: VIGÊNCIA DA ATA: 15/10/2015 até 14/10/2016
I16: Valor Total da Ata com Aditivo | M16: =L9 -> 273309.9
I17: Valor Utilizado | M17: =M9 -> 38259.88
I18: % Aditivos
I19: % Utilizado | M19: =M17/M16 -> 0.13998717
I20: Resumo Atualizado em Abril/2016

Sheet Modelo Anexo II IN 002_2014
A1: ANEXO II – Instrução Normativa n.º 002/2014
A3: DECLARAÇÃO DE DISPONIBILIDADE DE QUANTITATIVO PARA EMISSÃO DE AUTORIZAÇÃO DE FORNECIMENTO/ORDEM DE SERVIÇO – SISTEMA DE REGISTRO DE PREÇOS/UDESC
A5: Processo CPA n.º XXXX/2014
A6: Pregão n.º XXXX/2014
A7: Objeto:
A8: Vigência da Ata de Registro de Preços: XX/XX/XXXX até XX/XX/XXXXX
A10: Declaro que o Centro XXXXXXX, participante da Ata de Registro de Preços proveniente do Pregão n.º XXXX/2014, possui saldo em seu quantitativo para a emissão da Autorização de Fornecimento/Ordem de Serviço n.º XXXX/2014, no valor de R$ X.XXX,XX, a ser firmada com a empresa XXXXXXX, restando ainda em sua cota para próximas contratações com o referido fornecedor os seguintes quantitativos:
A12: Lote | B12: Item | C12: Descrição Resumida | D12: Unidade | E12: Valor Unitário (R$) | F12: Saldo Quantitativo (antes da emissão desta AF/OS) | G12: Quantitativo da AF/OS | H12: Saldo Atualizado
A19: __________________, ____/_____/____
A20: Cidade Data
A24: _____________________________________________
A25: Diretor(a) de Administração
A26: (carimbo e assinatura)
